 Dungeon Crawl Stone Soup version 0.22-a0-422-g9628fc8 (webtiles) character file.

22 Kairos the Sneak (level 2, 9/13 HPs)
             Began as a Vine Stalker Enchanter on May 20, 2018.
             Quit the game on level 1 of the Dungeon.
             The game lasted 00:01:08 (1417 turns).

Kairos the Sneak (Vine Stalker Enchanter)           Turns: 1417, Time: 00:01:08

Health: 9/13       AC:  2    Str: 10    XL:     2   Next: 91%
Magic:  5/6        EV: 12    Int: 15    God:
Gold:   36         SH:  0    Dex: 14    Spells: 4/5 levels left

rFire    . . .     SeeInvis .   f - +0 whip
rCold    . . .     Gourm    .   (no shield)
rNeg     . . .     Faith    .   b - +0 robe
rPois    .         Spirit   +   (no helmet)
rElec    .         Reflect  .   (no cloak)
rCorr    .         Harm     .   (no gloves)
MR       .....                  (no boots)
Stlth    +++.......             (no amulet)
HPRegen  0.04/turn              (no ring)
MPRegen  0.10/turn              (no ring)

@: no status effects
A: fangs 2, magic shield, antimagic bite, no potion heal 3, rot immunity
a: no special abilities


You were on level 1 of the Dungeon.
You were not hungry.

You visited 1 branch of the dungeon, and saw 1 of its levels.

You collected 36 gold pieces.

Inventory:

Hand Weapons
 a - a +1 dagger
 f - a +0 whip (weapon)
Armour
 b - a +0 robe (worn)
Potions
 c - 2 potions of magic {unknown}
 e - a potion of berserk rage {unknown}
 h - a potion of haste {unknown}
Comestibles
 d - 2 rations


   Skills:
 + Level 0.1 Fighting
 + Level 1.0 Short Blades
 + Level 1.6 Dodging
 + Level 4.0 Stealth
 + Level 2.4 Spellcasting
 + Level 3.4 Hexes


You had 4 spell levels left.
You knew the following spells:

 Your Spells              Type           Power        Failure   Level  Hunger
a - Corona                Hex            ##.....      5%          1    #......

Your spell library contained the following spells:

 Spells                   Type           Power        Failure   Level  Hunger
 Confuse                  Hex            ##......     16%         3    ###....
 Tukima's Dance           Hex            ##......     16%         3    ###....
 Ensorcelled Hibernation  Hex/Ice        #.....       16%         2    ###....
 Dazzling Spray           Conj/Hex       #.....       32%         3    ###....


Dungeon Overview and Level Annotations

Branches:
Dungeon (1/15)

Altars:


Innate Abilities, Weirdness & Mutations

You have extremely sharp teeth.
When hurt, damage is shared between your health and your magic reserves.
Your bite disrupts and absorbs the magic of your enemies.
Potions cannot restore your health.
You are immune to rotting.


Message History

A kobold is nearby!
The kobold throws a stone.
The stone hits you.
You see here a stone.
A kobold is nearby!
The kobold misses you.
A kobold is nearby!
You closely miss the kobold. The kobold closely misses you.
You closely miss the kobold. You bite the kobold, but do no damage.
The kobold closely misses you.
A kobold is nearby!
You hit the kobold but do no damage. The kobold closely misses you.
You closely miss the kobold. Your bite misses the kobold. The kobold hits you.
A kobold is nearby!
You barely miss the kobold. Your bite misses the kobold.
The kobold closely misses you. The kobold hits you.
You hit the kobold.
You kill the kobold!
No target in view!
No target in view!
Are you sure you want to abandon this character and quit the game? (Confirm with "yes".)

#....###.##.##.#.
######...........
#....####...
#..((###
####......#
#.......#.#
#...(...#.#
#.........##
#...@..PPP.≈≈
#.....P≈≈♣P≈P
#.....≈P≈≈≈≈≈
#......P≈PP≈≈
######......
####.. #.


There were no monsters in sight!

Vanquished Creatures
  A dart slug (D:1)
  A leopard gecko (D:1)
  A bat (D:1)
  2 giant cockroaches (D:1)
  2 goblins (D:1)
  A frilled lizard (D:1)
  5 kobolds (D:1)
  5 rats (D:1)
18 creatures vanquished.

Notes
Turn   | Place    | Note
-------+----------+-------------------------------------------
     0 | D:1      | Kairos the Vine Stalker Enchanter began the quest for the Orb.
     0 | D:1      | Reached XP level 1. HP: 9/9 MP: 4/4
   330 | D:1      | Reached skill level 1 in Short Blades
   330 | D:1      | Reached XP level 2. HP: 8/13 MP: 6/6
   346 | D:1      | Reached skill level 4 in Stealth
  1417 | D:1      | Quit the game

Vault maps used:
D:1:      dpeg_arrival_stonehenge_12_columns, serial_bayou, serial_bayou_pond_a,
          serial_bayou_shore_a, serial_bayou_lagoon_a, serial_bayou_shore_b

Skill      XL: |  1  2 |
---------------+-------+-----
Short Blades   | 1 |  1.0
Stealth        | 4 |  4.0
Fighting       | |  0.1
Dodging        | |  1.6
Spellcasting   | |  2.4
Hexes          | |  3.4

Action                   || total
-------------------------++-------
Melee: Dagger            ||    55
       Bite              ||    16
       Whip              ||    25
 Stab: Sleeping          ||     2
  Eat: Chunk             ||     2
Armor: Robe              ||    12
Dodge: Dodged            ||    57

Table legend:
 A = Spawn XP
 B = Non-spawn XP
 C = Spawn XP percentage of total XP
 D = Spawn monster count
 E = Non-spawn monster count
 F = Spawn count percentage of total count
 G = Total turns spent on level
                    A         B        C        D         E        F      G
               +---------+---------+-------+---------+---------+-------+---------
         Total |       0 |      32 |   0.0 |       0 |      18 |   0.0 |  1417
               +---------+---------+-------+---------+---------+-------+---------
           D:1 |       0 |      32 |   0.0 |       0 |      18 |   0.0 |  1417
               +---------+---------+-------+---------+---------+-------+---------
